 Dungeon Crawl Stone Soup version 0.27-a0-1301-g128193abf8 (webtiles) character file.

Game seed: 18192637334038001212

61410 HAL9000 the Covert (level 15, 0/76 (78) HPs)
             Began as a Vine Stalker Brigand on June 16, 2021.
             Was a Follower of Uskayaw.
             Slain by a two-headed ogre (4 damage)
             ... on level 1 of the Orcish Mines on June 17, 2021.
             The game lasted 00:57:59 (18222 turns).

HAL9000 the Covert (Vine Stalker Brigand)          Turns: 18222, Time: 00:58:00

HP:   0/76 (78)     AC: 16    Str: 24    XL:     15   Next: 2%
MP:   0/23          EV: 14    Int: 11    God:    Uskayaw [*.....]
Gold: 1277          SH:  0    Dex: 18    Spells: 14/14 levels left

rFire    + + .     SeeInvis .   F - +2 dagger (elec)
rCold    x . .     Faith    .   (no shield)
rNeg     . . .     Spirit   +   f - +0 fire dragon scales
rPois    .         Reflect  .   K - +1 hat
rElec    .         Harm     .   c - +0 cloak
rCorr    .         Rampage  .   q - +0 pair of gloves
Will     +....                  o - +0 pair of boots
Stlth    ++++......             j - amulet of regeneration
HPRegen  2.22/turn              r - +6 ring of strength
MPRegen  0.18/turn              z - +4 ring of evasion

@: lightly drained
A: fangs 3, regeneration 1, magic shield, antimagic bite, no potion heal 2
a: Renounce Religion, Stomp


You were on level 1 of the Orcish Mines.
You worshipped Uskayaw.
Uskayaw was aware of your devotion.
You visited 4 branches of the dungeon, and saw 21 of its levels.

You collected 1277 gold pieces.

Inventory:

Hand Weapons
 F - a +2 dagger of electrocution (weapon)
Missiles
 d - a throwing net
 i - 5 atropa-tipped darts
 k - 13 boomerangs (quivered)
 m - 2 javelins
 G - 6 silver javelins
 L - 6 curare-tipped darts
Armour
 c - a +0 cloak (worn)
 f - +0 fire dragon scales (worn)
 o - a +0 pair of boots (worn)
 q - a +0 pair of gloves (worn)
 K - a +1 hat (worn)
Jewellery
 j - an amulet of regeneration (around neck)
 r - a +6 ring of strength (left hand)
 z - a +4 ring of evasion (right hand)
 Z - a ring of protection from cold
Wands
 u - a wand of iceblast (28)
 y - a wand of paralysis (10)
 A - a wand of digging (3)
 C - a wand of flame (50)
 E - a wand of charming (8)
 S - a wand of acid (6)
Scrolls
 b - 9 scrolls of teleportation
 e - a scroll of silence {unknown}
 g - 2 scrolls of magic mapping
 l - a scroll of acquirement {unknown}
 n - 4 scrolls of fear
 t - 3 scrolls of blinking {unknown}
 M - 3 scrolls of enchant armour {unknown}
 P - a scroll of holy word {unknown}
 R - a scroll of torment {unknown}
 T - a scroll of summoning {unknown}
 U - a scroll of vulnerability {unknown}
 Y - a scroll of fog {unknown}
Potions
 a - a potion of invisibility {unknown}
 h - 8 potions of curing
 p - 4 potions of haste
 v - 2 potions of magic
 w - 3 potions of brilliance
 D - 2 potions of attraction
 H - 3 potions of flight
 I - 2 potions of might
 Q - 2 potions of berserk rage
 V - a potion of mutation {unknown}
 W - a potion of degeneration {unknown}
 X - a potion of resistance {unknown}
Miscellaneous
 s - a box of beasts
 N - a phial of floods


   Skills:
 + Level 8.8 Fighting
 - Level 10.1 Short Blades
 - Level 10.3 Throwing
 - Level 9.2 Armour
 - Level 0.7 Dodging
 - Level 14.0 Stealth
 - Level 10.5 Invocations
 - Level 5.3 Evocations


You had 14 spell levels left.
You didn't know any spells.
Your spell library contained the following spells:

 Spells                   Type           Power      Damage    Failure   Level
 Magic Dart               Conj           0%         1d3       65%         1
 Searing Ray              Conj           0%         3d3       78%         2
 Static Discharge         Conj/Air       0%         N/A       78%         2
 Dazzling Flash           Conj/Hex       0%         N/A       95%         3
 Fulminant Prism          Conj/Hex       0%         3d6       100%        4
 Iskenderun's Mystic Bla  Conj/Tloc      0%         2d3       100%        4
 Lightning Bolt           Conj/Air       0%         1d11      100%        5
 Ignition                 Fire           0%         3d3       100%        8
 Polar Vortex             Ice            0%         N/A       100%        9
 Shatter                  Erth           0%         3d5*      100%        9


Dungeon Overview and Level Annotations

Branches:
Dungeon (12/15)            Temple (1/1) D:5            Lair (6/6) D:9
  Swamp (0/4) Lair:4       Spider (0/4) Lair:4        Slime (0/5) Lair:6
    Orc (2/2) D:11
    Elf: Orc:2

Altars:
Ashenzari
Cheibriados
Dithmenos
Elyvilon
Fedhas
Gozag
Hepliaklqana
Kikubaaqudgha
Makhleb
Nemelex Xobeh
Okawaru
Qazlal
Ru
Sif Muna
Trog
Uskayaw
Vehumet
Wu Jian
Xom
Yredelemnul
Zin
The Shining One

Shops:
D:2 !

Annotations:
D:7 3 runed translucent doors, anet's ghost, novice GnFi
Lair:1 exclusion: 3 oklob plants


Innate Abilities, Weirdness & Mutations

You have razor-sharp teeth.
Your natural rate of healing is unusually fast.
When hurt, damage is shared between your health and your magic reserves.
Your bite disrupts and absorbs the magic of your enemies.
Potions cannot restore your health.


Message History

You kill the orc warrior!
Uskayaw will force your foes to share their pain.
No target in view!
No target in view!
No target in view!
Items here: )) [[.
Search for what [Enter for "orc", or ? for help]? armour
There is a stone staircase leading down, spattered with blood here.
You climb downwards.
You feel an oppressive heat about you.
There is an entrance to a volcano on this level.
Hurry and find it before the entrance collapses!
The ogre mage casts a spell at the ogre.
The ogre seems to speed up.
The two-headed ogre hits you with a +0 giant spiked club! x2
The orc hits you but does no damage.
The ogre hits you with a +0 giant spiked club!!
The ogre mage casts a spell at something.
The two-headed ogre barely misses you. x2
There is a stone staircase leading up, spattered with blood here.
The ogre mage casts a spell at the two-headed ogre.
The two-headed ogre seems to speed up.
The orc hits you with a +0 mace.
The two-headed ogre hits you but does no damage.
The two-headed ogre hits you with a +0 giant spiked club.
The ogre barely misses you.
You climb upwards.
There is a stone staircase leading down, spattered with blood here.
The two-headed ogre hits you with a +0 giant spiked club!!
The two-headed ogre hits you with a +0 dire flail of draining.
* * * LOW HITPOINT WARNING * * *
You feel drained.
The ogre hits you with a +0 giant spiked club!
* * * LOW HITPOINT WARNING * * *
The two-headed ogre completely misses you.
The two-headed ogre hits you but does no damage.
You feel drained.
You can no longer pass through a line of other dancers.
The two-headed ogre hits you with a +0 giant spiked club!!
* * * LOW HITPOINT WARNING * * *
The two-headed ogre hits you with a +0 dire flail of draining.
You die...

#.......##.##
######..........####
##<[.#..)).).....)#.##
#[))[)[[#..[.....#)).###
#.....[[##.[..[.)[#.#..## ##
#....[.).))[)..#.#......####.
##........[).#...#......#..#..
#......)[.O.O)................
##.....>...oO@..............#.
#......)[..#.#..#.....).......
##.#.........#........))##)...
##....................)[)#....
#.............#.#.....))#))..#
##......#......##....#####.###
##....#....#..###..## ###
#...####.......#...#
##.###.#......###.##


You could see 2 two-headed ogres, an ogre and an orc.

Vanquished Creatures
  2 orc warlords
  A fire dragon (Lair:6)
  3 hydras
  Erolcha (D:10)
  Fannar (D:10)
  2 ogre magi (Orc:1)
  A catoblepas (Lair:5)
  11 two-headed ogres
  7 death yaks
  A fire crab (Lair:6)
  Pikel (D:9)
  A lindwurm (Lair:6)
  An orc knight (Orc:1)
  A deep elf zephyrmancer (D:12)
  A cyclops (D:8)
  5 black mambas (Lair:6)
  7 elephants
  3 molten gargoyles (Lair:6)
  Maurice (D:11)
  11 cane toads
  A torpor snail (Lair:5)
  An unseen horror (D:11)
  4 rime drakes
  11 komodo dragons
  A troll (Orc:1)
  2 polar bears
  A hornet (D:8)
  A dream sheep (Lair:6)
  11 blink frogs
  5 slime creatures
  A redback (Lair:4)
  10 wyverns
  5 steam dragons
  38 yaks
  6 basilisks
  A warg (Orc:1)
  An acid dragon (D:10)
  4 hell hounds (Lair:6)
  23 water moccasins
  2 black bears
  2 hornet zombies (D:6)
  An ice beast (D:7)
  16 orc warriors
  2 sky beasts (D:7)
  2 necrophages
  19 ogres
  18 wolves
  3 centaurs
  A phantom (D:7)
  A kobold brigand (D:11)
  8 bullfrogs
  A wyvern zombie (D:6)
  2 scorpions
  17 wights
  4 howler monkeys
  6 electric eels
  6 centaur zombies
  5 lava snakes (Lair:6)
  2 hounds
  9 orc priests
  3 bullfrog skeletons
  3 jellies (Lair:1)
  An iguana (D:3)
  20 orc wizards
  3 hell rats (Lair:6)
  A killer bee zombie (D:7)
  A hound skeleton (D:5)
  2 howler monkey zombies (D:9)
  14 gnolls
  5 adders
  8 river rats (Lair:6)
  A shadow imp (D:7)
  4 worms
  A dart slug (D:2)
  49 orcs
  20 endoplasms
  3 giant cockroaches
  4 goblins
  5 hobgoblins
  18 jackals
  A quokka (D:2)
  4 ball pythons
  2 bats
  4 frilled lizards
  18 kobolds
  9 rats
520 creatures vanquished.

Vanquished Creatures (others)
  An orc wizard (D:8)
  An orc (Orc:2)
  32 fungi
  36 plants
70 creatures vanquished.

Grand Total: 590 creatures vanquished

Notes
Turn   | Place    | Note
-------+----------+-------------------------------------------
     0 | D:1      | HAL9000 the Vine Stalker Brigand began the quest for the
                  | Orb.
     0 | D:1      | Reached XP level 1. HP: 11/11 MP: 2/2
    82 | D:1      | Reached XP level 2. HP: 6/15 MP: 3/3
   540 | D:1      | Found a faded altar of an unknown god.
  1015 | D:1      | Reached XP level 3. HP: 18/18 MP: 4/4
  1624 | D:2      | Gained mutation: Your natural rate of healing is unusually
                  | fast. [Vine Stalker growth]
  1624 | D:2      | Reached XP level 4. HP: 11/23 MP: 3/5
  2019 | D:2      | Found Asiguhah's Distillery.
  2421 | D:2      | Reached XP level 5. HP: 26/26 MP: 6/6
  2644 | D:3      | Reached skill level 5 in Short Blades
  2955 | D:3      | Reached XP level 6. HP: 28/30 MP: 5/7
  3842 | D:5      | Entered Level 5 of the Dungeon
  3948 | D:5      | Noticed a necrophage
  3982 | D:5      | Killed a necrophage
  4005 | D:5      | Reached XP level 7. HP: 34/34 MP: 8/8
  4401 | D:5      | Found a staircase to the Ecumenical Temple.
  4431 | Temple   | Entered the Ecumenical Temple
  4564 | Temple   | Became a worshipper of Uskayaw the Reveller
  4749 | D:6      | Reached * piety under Uskayaw
  4751 | D:6      | Reached ** piety under Uskayaw
  4868 | D:5      | Reached skill level 5 in Stealth
  4894 | D:5      | Reached *** piety under Uskayaw
  5014 | D:6      | Reached **** piety under Uskayaw
  5177 | D:6      | Gained mutation: You have razor-sharp teeth. [Vine Stalker
                  | growth]
  5177 | D:6      | Reached XP level 8. HP: 38/38 MP: 9/9
  5245 | D:6      | Reached skill level 5 in Throwing
  6016 | D:7      | Reached XP level 9. HP: 25/42 MP: 3/10
  6133 | D:7      | Found a runed translucent gate.
  6133 | D:7      | Found a runed translucent gate.
  6133 | D:7      | Noticed anet's ghost (novice GnFi)
  6134 | D:7      | Found a runed translucent gate.
  6134 | D:7      | Noticed a kobold demonologist
  6184 | D:7      | Found a snail-covered altar of Cheibriados.
  6336 | D:7      | Found a snail-covered altar of Cheibriados.
  6536 | D:7      | Found an ornate altar of the Wu Jian Council.
  6889 | D:8      | Found a hazy altar of Hepliaklqana.
  7155 | D:8      | Noticed a cyclops
  7168 | D:8      | Killed a cyclops
  7169 | D:8      | Reached skill level 10 in Short Blades
  7434 | D:8      | Reached ***** piety under Uskayaw
  7466 | D:8      | Noticed a hornet
  7469 | D:8      | Killed a hornet
  7470 | D:8      | Reached XP level 10. HP: 50/50 MP: 11/11
  7522 | D:8      | Reached skill level 5 in Fighting
  7709 | D:9      | Noticed a kobold demonologist
  7709 | D:9      | Noticed a kobold demonologist
  7710 | D:9      | Noticed a kobold demonologist
  7737 | D:9      | Noticed Pikel
  7750 | D:9      | Killed Pikel
  7781 | D:9      | Noticed a two-headed ogre
  7798 | D:9      | Noticed a soul eater
  7801 | D:9      | Noticed a smoke demon
  7818 | D:8      | Killed a two-headed ogre
  7902 | D:9      | Found a staircase to the Lair.
  7902 | D:9      | Noticed an elephant
  7921 | D:9      | Reached skill level 1 in Armour
  7939 | D:9      | Reached ****** piety under Uskayaw
  7948 | D:9      | Killed an elephant
  8075 | D:10     | Entered Level 10 of the Dungeon
  8075 | D:10     | Noticed Fannar
  8291 | D:10     | Killed Fannar
  8292 | D:10     | Reached skill level 5 in Armour
  8292 | D:10     | Reached XP level 11. HP: 58/58 MP: 9/12
  8423 | D:10     | Found a white marble altar of Elyvilon.
  8481 | D:10     | Upgraded the game from 0.27-a0-1296-g8ece459b43 to
                  | 0.27-a0-1301-g128193abf8
  8692 | D:10     | Noticed Erolcha
  8709 | D:10     | Killed Erolcha
  8795 | D:10     | Reached skill level 1 in Invocations
  8883 | D:10     | Found a glowing silver altar of Zin.
  9064 | D:10     | Found an ornate altar of the Wu Jian Council.
  9067 | D:10     | Found a radiant altar of Vehumet.
  9069 | D:10     | Found a shimmering blue altar of Sif Muna.
  9329 | D:11     | Reached skill level 6 in Stealth
  9349 | D:11     | Reached skill level 7 in Stealth
  9417 | D:11     | Reached skill level 8 in Stealth
  9451 | D:11     | Found a staircase to the Orcish Mines.
  9565 | D:11     | Found a basalt altar of Yredelemnul.
  9635 | D:11     | Reached skill level 9 in Stealth
  9701 | D:11     | Noticed Maurice
  9705 | D:11     | Killed Maurice
 10285 | D:11     | Noticed a four-headed hydra
 10292 | D:11     | Killed a four-headed hydra
 10319 | D:11     | Reached skill level 10 in Stealth
 10319 | D:11     | Reached XP level 12. HP: 63/63 MP: 15/15
 10474 | Lair:1   | Entered Level 1 of the Lair of Beasts
 10799 | Lair:1   | Reached skill level 11 in Stealth
 11090 | Lair:1   | Reached skill level 12 in Stealth
 11626 | Lair:2   | Reached skill level 13 in Stealth
 11643 | Lair:2   | Noticed a five-headed hydra
 11650 | Lair:2   | Killed a five-headed hydra
 11997 | Lair:2   | Reached skill level 14 in Stealth
 12129 | Lair:2   | Reached skill level 5 in Invocations
 12635 | Lair:3   | Reached XP level 13. HP: 67/67 MP: 19/19
 12914 | Lair:3   | You fall into a shaft and drop 3 floors!
 12914 | Lair:6   | Entered Level 6 of the Lair of Beasts
 12929 | Lair:6   | Found a staircase to the Slime Pits.
 13154 | Lair:4   | Found a hole to the Spider Nest.
 13165 | Lair:4   | Found a staircase to the Swamp.
 13338 | Lair:3   | Reached skill level 10 in Invocations
 14323 | Lair:5   | Reached skill level 1 in Evocations
 15261 | Lair:6   | Reached skill level 5 in Evocations
 15367 | Lair:6   | Reached XP level 14. HP: 50/72 MP: 15/22
 15665 | Lair:6   | Identified the +6 battleaxe of Taxation {pain, Dex+4}
 15844 | Lair:6   | Found a large runed translucent door.
 16337 | Lair:6   | Reached skill level 10 in Throwing
 16369 | Lair:6   | Found a large runed translucent door.
 17185 | Orc:1    | Entered Level 1 of the Orcish Mines
 17231 | Orc:1    | Noticed an orc warlord
 17259 | Orc:1    | Killed an orc warlord
 17452 | Orc:2    | Entered Level 2 of the Orcish Mines
 17707 | Orc:2    | Noticed an orc warlord
 17890 | D:11     | Killed an orc warlord
 18129 | Orc:1    | Reached XP level 15. HP: 50/78 MP: 14/23
 18222 | Orc:1    | Slain by a two-headed ogre

Illustrated notes

Levels and vault maps discovered:
D:1:      dpeg_arrival_erosion, layout_basic, shapermc_ecumenical_altar_venn
D:2:      layout_basic, serial_shops, shop, minmay_statues_item,
          minmay_close_crescents
D:3:      layout_basic
D:4:      layout_basic
D:5:      layout_basic, lemuel_temple_firewalk_b
D:6:      layout_gridville, minivault_14, grunt_ministairs_1
D:7:      layout_basic, general_overflow_altar, gammafunk_ghost_nasty_kobolds,
          serial_corexii_hall, corexii_hall_statues_s, corexii_hall_statues_x,
          hangedman_feature_mirror
D:8:      layout_loops_ring, lemuel_doored_altar
D:9:      layout_cross, david_lair_generic, uniq_pikel
D:10:     layout_long_grid, kennysheep_mini_moat, elyvilon_altar_5,
          grunt_temple_overflow_diamond, uniq_fannar, uniq_erolcha
D:11:     layout_stronghold, david_orc_4, yredelemnul_altar_generic,
          uniq_maurice
D:12:     minmay_elf_outpost, layout_stronghold, corner_web_ring,
          trog_three_pillars_becter, uniq_josephine
Temple:   regret_index_temple_waves
Lair:1:   lemuel_slime, layout_loops_ring, minmay_lair_oklob_chamber,
          serial_bayou_shore_a, lemuel_fruit_fields, grunt_megastairs_5
Lair:2:   layout_cave_pods
Lair:3:   layout_cave_shapes, beast_lair_carwin_9
Lair:4:   layout_roguey, swamp_mist_pool, spider_nest_entry_rubble,
          chequers_serial_rivers_room_b, infiniplex_staircase_pool
Lair:5:   layout_loops_ring, serial_rivers, chequers_serial_rivers_micro_b,
          chequers_serial_rivers_micro_e, chequers_serial_rivers_micro_e,
          chequers_serial_rivers_micro_b, chequers_serial_rivers_small_b,
          grunt_megastairs_1
Lair:6:   cheibrodos_lair_end_hotspot, layout_loops_ring,
          minmay_slime_entry_pillars, kennysheep_abandoned_house
Orc:1:    layout_caves
Orc:2:    st_orc_ogre_mass, layout_caves, lightli_volcano_entry_magma_tube,
          serial_shops, shop_coins, david_defended_altar_orc

Skill      XL: |  1  2  3  4  5  6  7  8  9 10 11 12 13 14 |
---------------+-------------------------------------------+-----
Short Blades   | 2 3 4 5 6 7 8 10 | 10.1
Stealth        | 5 10 14 | 14.0
Throwing       | 4 6 7 10 | 10.3
Fighting       | 4 7 8 |  8.8
Armour         | 5 7 9 |  9.2
Invocations    | 3 7 10 | 10.5
Evocations     | 5 |  5.3
Dodging        | |  0.7

Action                   |  1- 3 |  4- 6 |  7- 9 | 10-12 | 13-15 || total
-------------------------+-------+-------+-------+-------+-------++-------
Melee: Dagger            |    85 |   268 |   321 |   648 |   811 ||  2133
       Bite              |    26 |    79 |   110 |   242 |   376 ||   833
Throw: Dart              |     8 |    29 |    22 |    28 |     8 ||    95
       Throwing net      |       |       |     1 |     3 |     2 ||     6
       Javelin           |       |       |       |     2 |     5 ||     7
Invok: Line Pass         |       |       |       |     2 |     4 ||     6
       Stomp             |       |       |       |     1 |       ||     1
Evoke: Wand              |       |       |       |     5 |    11 ||    16
  Use: Scroll            |       |     4 |     2 |     4 |     6 ||    16
       Potion            |       |       |       |       |     2 ||     2
 Stab: Sleeping          |     3 |     6 |    11 |    20 |    23 ||    63
       Held in net/web   |       |       |     1 |     1 |     2 ||     4
       Paralysed         |       |       |     3 |    31 |    45 ||    79
       Distracted        |       |       |       |     2 |       ||     2
       Confused          |       |       |       |       |     2 ||     2
Armor: Robe              |    18 |    32 |       |       |       ||    50
       Steam dragon scal |       |    29 |    55 |   180 |    78 ||   342
       Fire dragon scale |       |       |       |       |    77 ||    77
Dodge: Dodged            |    37 |   135 |   112 |   296 |   364 ||   944

Table legend: (Time is in decaauts)
 A = Elapsed time spent in this place.
 B = Non-inter-level travel time spent in this place.
 C = Inter-level travel time spent in this place.
 D = Time resting spent in this place.
 E = Time spent auto-exploring this place.
 F = Levels seen in this place.
 G = Mean time per level.
                   A        B        C        D        E       F      G
               +--------+--------+--------+--------+--------+-----+--------+
         Total |  17336 |  15969 |   1367 |   1006 |  10765 |  21 |  825.5 |
       Dungeon |  10323 |   9440 |    883 |    602 |   6664 |  12 |  860.2 |
        Temple |    158 |    131 |     27 |      0 |    124 |   1 |  158.0 |
          Lair |   6140 |   5782 |    358 |    380 |   3837 |   6 | 1023.3 |
  Orcish Mines |    714 |    616 |     98 |     24 |    138 |   2 |  357.0 |
               +--------+--------+--------+--------+--------+-----+--------+

Top non-repeatable levels by time:
  Lair:6: 1844 daAuts
    D:11: 1528 daAuts
     D:1: 1235 daAuts
     D:2: 1131 daAuts
  Lair:1: 1101 daAuts
    D:10: 1032 daAuts
     D:7: 978 daAuts
  Lair:2: 967 daAuts
     D:6: 949 daAuts
     D:3: 898 daAuts
     D:8: 869 daAuts
  Lair:4: 850 daAuts
     D:5: 830 daAuts
  Lair:5: 792 daAuts
   Orc:1: 677 daAuts
